 Dungeon Crawl Stone Soup version 0.20.0 (webtiles) character file.

101931 TheOrbIsALie the Arsonist (level 15, -4/126 HPs)
             Began as a Demonspawn Wizard on June 13, 2017.
             Was a High Priest of Sif Muna.
             Slain by a halberd of venom (27 damage)
             ... on level 2 of the Elven Halls.
             The game lasted 01:58:43 (32837 turns).

TheOrbIsALie the Arsonist (Demonspawn Wizard)      Turns: 32837, Time: 01:58:44

Health: -4/126     AC: 19    Str:  8    XL:     15   Next: 84%
Magic:  15/44      EV: 10    Int: 28    God:    Sif Muna [*****.]
Gold:   2488       SH:  3    Dex: 12    Spells: 12/34 levels left

rFire    + . .     SeeInvis .   Q - staff of power
rCold    + . .     Gourm    .   L - +0 buckler {AC+3}
rNeg     . . .     Faith    .   W - +3 leather armour {MR+}
rPois    .         Spirit   .   F - +0 hat {Int+3}
rElec    .         Reflect  .   (no cloak)
rCorr    .         Harm     .   o - +2 pair of gloves {archery}
MR       ++...                  (no boots)
Stlth    +.........             a - amulet of magic regeneration
Regen    1.4/turn               J - +4 ring of protection
MPRegen  0.5/turn               V - ring of wizardry

@: about to teleport, heavily drained
A: antennae 2, yellow scales 2, cold resistance 1, fire resistance 1, powered by
death 3, robust 1
a: Divine Energy, Channel Magic, Forget Spell, Renounce Religion


You were on level 2 of the Elven Halls.
You worshipped Sif Muna.
Sif Muna was extremely pleased with you.
You were not hungry.

You visited 5 branches of the dungeon, and saw 26 of its levels.
You also visited: Ice Cave.

You collected 2760 gold pieces.
You spent 272 gold pieces at shops.

Inventory:

Armour
 o - a +2 pair of gloves of archery (worn)
 F - a +0 hat of intelligence (worn)
 L - a +0 buckler of protection (worn)
 W - a +3 leather armour of magic resistance (worn)
Magical Staves
 H - an uncursed staff of cold
 Q - an uncursed staff of power (weapon)
 T - an uncursed staff of poison
Jewellery
 a - an amulet of magic regeneration (around neck)
 g - the amulet "Entytt" {Faith MR+ Int+6}
   (You found it on level 6 of the Lair of Beasts)

   [amulet of faith]

   It allows you to gain divine favour quickly.
   It affects your intelligence (+6).
   It affects your resistance to hostile enchantments.
 t - a +3 ring of protection
 y - an uncursed ring of fire
 J - a +4 ring of protection (left hand)
 K - an uncursed ring of ice
 O - an uncursed ring of protection from fire
 V - a ring of wizardry (right hand)
Scrolls
 f - 13 scrolls of remove curse
 j - 6 scrolls of identify
 m - 2 scrolls of teleportation
 n - 2 scrolls of enchant weapon
 s - 2 scrolls of amnesia
 u - 7 scrolls of fog
 v - a scroll of noise {unknown}
 w - 2 scrolls of enchant armour
 x - 2 scrolls of recharging {unknown}
 E - 3 scrolls of immolation
Potions
 e - 12 potions of curing
 i - a potion of might
 l - 3 potions of ambrosia
 r - 5 potions of flight
 A - 3 potions of resistance
 I - 3 potions of mutation
 N - 5 potions of agility
 P - 4 potions of haste
 R - a potion of invisibility {unknown}
 U - a potion of cancellation {unknown}
 Z - a potion of brilliance {unknown}
Books
 b - a book of the Tempests

   Spells                             Type                      Level
   a - Static Discharge               Conjuration/Air              3
   b - Lightning Bolt                 Conjuration/Air              5
   c - Ignition                       Fire                         8
   d - Tornado                        Air                          9
   e - Shatter                        Earth                        9
 c - a book of Minor Magic

   Spells                             Type                      Level
   a - Magic Dart                     Conjuration                  1
   b - Blink                          Translocation                2
   c - Call Imp                       Summoning                    2
   d - Slow                           Hexes                        2
   e - Conjure Flame                  Conjuration/Fire             3
   f - Mephitic Cloud                 Conjuration/Poison/Air       3
 h - Sif Muna's Grimoire of the Spheres
   (Sif Muna gifted it to you on level 14 of the Dungeon)

   Spells                             Type                      Level
   a - Magic Dart                     Conjuration                  1
   b - Summon Forest                  Summoning/Translocation      5
 k - Vienaor's Handbook of the Lethal Oath
   (Sif Muna gifted it to you on level 6 of the Lair of Beasts)

   Spells                             Type                      Level
   a - Searing Ray                    Conjuration                  2
   b - Iskenderun's Mystic Blast      Conjuration                  4
   c - Fireball                       Conjuration/Fire             5
   d - Silence                        Hexes/Air                    5
   e - Poison Arrow                   Conjuration/Poison           6
   f - Conjure Ball Lightning         Conjuration/Air              6
 z - Sif Muna's Papyrus of the Mountains and the Snowflakes
   (Sif Muna gifted it to you on level 2 of the Orcish Mines)

   Spells                             Type                      Level
   a - Ensorcelled Hibernation        Hexes/Ice                    2
   b - Stone Arrow                    Conjuration/Earth            3
   c - Throw Icicle                   Conjuration/Ice              4
   d - Leda's Liquefaction            Hexes/Earth                  4
   e - Bolt of Magma                  Conjuration/Fire/Earth       5
   f - Metabolic Englaciation         Hexes/Ice                    5
 B - Sif Muna's Guide on Damaging Malediction
   (Sif Muna gifted it to you on level 10 of the Dungeon)

   Spells                             Type                      Level
   a - Static Discharge               Conjuration/Air              3
   b - Iskenderun's Mystic Blast      Conjuration                  4
   c - Sticky Flame                   Conjuration/Fire             4
   d - Yara's Violent Unravelling     Hexes/Transmutation          5
   e - Freezing Cloud                 Conjuration/Ice/Air          6
   f - Fire Storm                     Conjuration/Fire             9
 C - a book of Fire

   Spells                             Type                      Level
   a - Ignite Poison                  Fire/Transmutation/Poison    3
   b - Fireball                       Conjuration/Fire             5
   c - Bolt of Fire                   Conjuration/Fire             6
   d - Ring of Flames                 Charms/Fire                  7
   e - Ignition                       Fire                         8
 D - Geunafu's Volume of Changing and Translocation
   (Sif Muna gifted it to you on level 2 of the Orcish Mines)

   Spells                             Type                      Level
   a - Recall                         Summoning/Translocation      3
   b - Spider Form                    Transmutation/Poison         3
   c - Force Lance                    Conjuration/Translocation    4
   d - Petrify                        Transmutation/Earth          4
   e - Disjunction                    Translocation                8
 G - a book of Geomancy

   Spells                             Type                      Level
   a - Sandblast                      Earth                        1
   b - Passwall                       Transmutation/Earth          2
   c - Stone Arrow                    Conjuration/Earth            3
   d - Petrify                        Transmutation/Earth          4
   e - Lee's Rapid Deconstruction     Earth                        5
 S - a book of Transfigurations

   Spells                             Type                      Level
   a - Irradiate                      Conjuration/Transmutation    5
   b - Statue Form                    Transmutation/Earth          6
   c - Hydra Form                     Transmutation                6
   d - Dragon Form                    Transmutation                7
 Y - a book of Air

   Spells                             Type                      Level
   a - Shock                          Conjuration/Air              1
   b - Swiftness                      Charms/Air                   2
   c - Static Discharge               Conjuration/Air              3
   d - Airstrike                      Air                          4
   e - Lightning Bolt                 Conjuration/Air              5
Comestibles
 d - 19 bread rations
 p - 16 royal jellies
 q - 8 meat rations
 X - a fruit


   Skills:
 - Level 10.0(8.5) Fighting
 - Level 1.7(0.5) Dodging
 - Level 1.7(0.5) Stealth
 - Level 10.3(8.9) Spellcasting
 + Level 12.6(11.0) Conjurations
   Level 1.0(0.0) Summonings
 - Level 0.8(0.0) Translocations
 - Level 12.7(11.1) Fire Magic
 - Level 6.0(4.6) Ice Magic
 - Level 8.0(6.6) Air Magic
 - Level 9.4(8.0) Earth Magic
 - Level 10.0(8.5) Invocations


You had 12 spell levels left.
You knew the following spells:

 Your Spells              Type           Power        Failure   Level  Hunger
a - Magic Dart            Conj           ####         1%          1    None
b - Conjure Flame         Conj/Fire      ######..     1%          3    None
c - Mephitic Cloud        Conj/Pois/Air  #####...     1%          3    None
d - Blink                 Tloc           N/A          7%          2    None
e - Stone Arrow           Conj/Erth      ######       1%          3    None
f - Sticky Flame          Conj/Fire      ######..     1%          4    #......
g - Freezing Cloud        Conj/Ice/Air   ######....   30%         6    ######.


Dungeon Overview and Level Annotations

Branches:
Dungeon (15/15)            Temple (1/1) D:4            Lair (6/6) D:8
 Shoals (0/4) Lair:4       Spider (0/4) Lair:3        Slime (0/5) Lair:5
    Orc (2/2) D:9             Elf (2/3) Orc:2        Vaults (0/5) D:14
 Depths (0/5) D:15

Altars:
Ashenzari
Cheibriados
Dithmenos
Elyvilon
Fedhas
Gozag
Hepliaklqana
Kikubaaqudgha
Makhleb
Nemelex Xobeh
Okawaru
Qazlal
Ru
Sif Muna
Trog
Uskayaw
Vehumet
Xom
Yredelemnul
Zin
The Shining One
Jiyva

Shops:
D:6 !   D:7 (   Orc:1 (   Orc:2 :![?

Portals:
Trove: D:12 (give 8 potions of haste)

Annotations:
Elf:1 Nikola; TheOrbIsALie's ghost, adept DsTm


Innate Abilities, Weirdness & Mutations

You have a pair of antennae on your head.
You are mostly covered in yellow scales. (AC +3)
Your flesh is heat resistant. (rF+)
You regenerate a lot of health from kills.
You are robust. (+10% HP)
Your flesh is cold resistant. (rC+)


Message History

The deep elf knight seems to speed up.
Unknown command.
You feel better. Something hits you.
* * * LOW HITPOINT WARNING * * *
The soul eater hits you but does no damage.
The deep elf knight is engulfed in freezing vapours.
Unknown command.
You feel better.
Your surroundings suddenly seem different. 5 dancing weapons and a deep elf knight come into view.
There is a halberd of pain.
There is an executioner's axe of draining.
There is a trident of venom.
There is a war axe of chopping.
There is a halberd of venom.
Unknown command.
As you read the scroll of teleportation, it crumbles to dust.
You feel strangely unstable.
The executioner's axe of draining hits you!
* * * LOW HITPOINT WARNING * * *
You feel drained.
* * * LOW HITPOINT WARNING * * *
The halberd of venom hits you from afar!!
You die...

,,,,,,,,,** **,,,*
,,,,,,,,,,* #....#
,,,,,,,,,.*##....#
,,,,,,,,,..#.(...#
,,,,,,,,,........#
,,,,,,,,,........#
,,,,,,,,,........#
,,,,,,,,,....e..(#
,,,,,,,,,.....(.@#
,,,,,,,,,..#...(.#
,,,,,,,,,,*##...(#
,,,,,,,,,,* #....#
,,,,,,,,,** ##...#
,,,,,,,,,** *#...#
,,,,,,,,,,***....#
,,,,,,,,,,,*.....#
,,,,,,,,,,,,,,,,**


You could see a deep elf knight and 5 dancing weapons.

Vanquished Creatures
  Rupert (Lair:4)
  A frost giant (D:10)
  The ghost of Nothus the Carver, a journeyman BaFi of Cheibriados (IceCv)
  A reaper (IceCv)
  Nessos (D:14)
  Azrael (Orc:2)
  Snorg (Lair:4)
  The ghost of TheOrbIsALie the Martial Artist, a journeyman DsTm of Okawaru (Lair:4)
  A vault guard (D:14)
  2 hydras
  3 centaur warriors
  2 dancing weapons (Elf:1)
  The ghost of TheOrbIsALie the Martial Artist, a novice DsTm of Okawaru (Lair:2)
  3 two-headed ogres
  4 orc high priests (Orc:2)
  Sonja (D:11)
  3 deep elf knights
  An unseen horror (D:15)
  A wizard (D:14)
  6 deep elf archers
  A lindwurm (Lair:6)
  4 orc knights (Orc:2)
  A necromancer (D:15)
  5 orc sorcerers
  17 deep elf magi
  7 cyclopes
  5 manticores
  2 black mambas
  6 elephants
  2 ice statues (IceCv)
  2 gargoyles
  2 freezing wraiths
  3 rime drakes
  10 spiny frogs
  2 rime drakes (shapeshifter)
  14 komodo dragons
  2 yaktaurs
  11 ice devils
  5 trolls
  A meliai (shapeshifter) (Elf:1)
  2 jumping spiders (Lair:3)
  7 hornets
  17 hippogriffs
  A blink frog (shapeshifter) (Elf:2)
  7 slime creatures
  7 polar bears
  11 blink frogs
  6 dream sheep (Lair:6)
  2 centaur simulacra
  A shadow (D:9)
  Sigmund (D:6)
  An air elemental (Elf:1)
  12 spriggans
  22 yaks
  8 redbacks
  A wyvern (Lair:6)
  A vampire (D:14)
  3 fire elementals
  3 basilisks
  22 humans (D:14)
  2 hungry ghosts
  4 wargs (Orc:2)
  A harpy simulacrum (D:15)
  A soldier ant (D:14)
  11 water moccasins
  2 hell hounds (Orc:2)
  An acid dragon (D:14)
  3 sky beasts
  13 porcupines
  A hornet zombie (D:10)
  8 ice beasts
  4 black bears
  27 orc warriors
  4 phantoms
  3 eyes of draining
  A necrophage (D:10)
  28 wolves
  4 boggarts (Lair:6)
  15 ogres
  17 centaurs
  2 big kobolds
  10 crocodiles
  A wyvern zombie (D:8)
  15 bullfrogs
  2 wyvern skeletons
  5 scorpions
  3 killer bees (D:10)
  8 wights
  6 howler monkeys
  A crimson imp (D:7)
  2 quasits
  7 centaur zombies
  4 bullfrog skeletons
  8 centaur skeletons
  3 hounds
  5 jellies
  26 orc priests
  28 orc wizards
  5 iguanas
  11 worker ants
  2 hound zombies
  A howler monkey zombie (D:10)
  A worker ant zombie (D:7)
  8 gnolls
  17 adders
  3 shadow imps
  9 white imps (IceCv)
  6 ufetubi (IceCv)
  2 adder skeletons
  3 worms
  A dart slug (D:3)
  5 leopard geckos
  86 orcs
  2 giant cockroaches
  7 goblins
  8 hobgoblins
  16 jackals
  12 kobolds
  A quokka (D:5)
  3 bats
  4 frilled lizards
  2 quokka zombies
  10 rats
784 creatures vanquished.

Vanquished Creatures (collateral kills)
  A redback (D:15)
  A killer bee (D:10)
2 creatures vanquished.

Vanquished Creatures (others)
  An unseen horror (D:14)
  An orc warrior (D:8)
  A crocodile (Lair:5)
  A killer bee (D:10)
  An orc wizard (Orc:2)
  3 white imps (IceCv)
  2 ufetubi (IceCv)
  A bush (Lair:1)
  18 fungi
  7 plants
36 creatures vanquished.

Grand Total: 822 creatures vanquished

Notes
Turn   | Place    | Note
-------+----------+-------------------------------------------
     0 | D:1      | TheOrbIsALie the Demonspawn Wizard began the quest for the Orb.
     0 | D:1      | Reached XP level 1. HP: 13/13 MP: 4/4
   339 | D:1      | Gained mutation: Your flesh is heat resistant. (rF+) [demonic ancestry]
   339 | D:1      | Reached XP level 2. HP: 19/19 MP: 3/6
   790 | D:1      | Gained mutation: You have a pair of small antennae on your head. [demonic ancestry]
   790 | D:1      | Reached XP level 3. HP: 16/24 MP: 1/7
  1280 | D:2      | Reached XP level 4. HP: 30/30 MP: 3/8
  1904 | D:3      | Gained mutation: You regenerate a little health from kills. [demonic ancestry]
  1904 | D:3      | Reached XP level 5. HP: 9/35 MP: 9/9
  1907 | D:3      | Reached skill level 5 in Conjurations
  2256 | D:3      | Found a deep blue altar of Sif Muna.
  2652 | D:4      | Noticed a phantom
  2682 | D:4      | Killed a phantom
  2682 | D:4      | Reached XP level 6. HP: 14/41 MP: 0/10
  2997 | D:4      | Learned a level 3 spell: Conjure Flame
  3001 | D:4      | Learned a level 3 spell: Mephitic Cloud
  3004 | D:4      | Learned a level 2 spell: Blink
  3344 | D:4      | Found an opulent altar of Gozag.
  3496 | D:4      | Found a burning altar of Makhleb.
  3498 | D:4      | Found a glowing silver altar of Zin.
  3499 | D:4      | Noticed an angel
  3499 | D:4      | Noticed a balrug
  3591 | D:4      | Reached XP level 7. HP: 10/46 MP: 0/11
  3812 | D:3      | Became a worshipper of Sif Muna the Loreminder
  4040 | D:4      | Found a staircase to the Ecumenical Temple.
  4067 | Temple   | Entered the Ecumenical Temple
  4275 | D:5      | Entered Level 5 of the Dungeon
  4536 | D:5      | Found a glowing golden altar of the Shining One.
  5304 | D:6      | Noticed Sigmund
  5415 | D:6      | Gained mutation: You regenerate health from kills. [demonic ancestry]
  5415 | D:6      | Reached XP level 8. HP: 50/52 MP: 10/12
  5551 | D:6      | Found an opulent altar of Gozag.
  5603 | D:6      | Reached * piety under Sif Muna
  5814 | D:6      | Killed Sigmund
  5814 | D:6      | Reached skill level 5 in Spellcasting
  5853 | D:6      | Found an ancient bone altar of Kikubaaqudgha.
  6192 | D:6      | Found Vewed's Distillery.
  6200 | D:6      | Bought a potion of heal wounds for 55 gold pieces
  6224 | D:6      | Reached ** piety under Sif Muna
  6726 | D:7      | Gained mutation: You are partially covered in yellow scales. (AC +2) [demonic ancestry]
  6726 | D:7      | Reached XP level 9. HP: 55/57 MP: 1/20
  6889 | D:7      | Found Luleagab's Antique Weapon Shoppe.
  6944 | D:7      | Gained mutation: Your flesh is cold resistant. (rC+) [mutagenic meat]
  7619 | D:7      | Reached *** piety under Sif Muna
  8403 | D:8      | HP: 2/57 [ice beast (6)]
  8404 | D:8      | Reached skill level 10 in Spellcasting
  8696 | D:8      | Found a staircase to the Lair.
  9285 | D:9      | Learned a level 3 spell: Stone Arrow
  9319 | D:9      | Reached skill level 1 in Earth Magic
  9381 | D:9      | Reached XP level 10. HP: 51/63 MP: 15/24
  9455 | D:9      | Reached **** piety under Sif Muna
  9549 | D:9      | Found a staircase to the Orcish Mines.
  9996 | D:9      | Noticed a two-headed ogre
 10009 | D:9      | Killed a two-headed ogre
 10009 | D:9      | Reached skill level 5 in Earth Magic
 10133 | D:9      | Noticed a two-headed ogre
 10164 | D:9      | Killed a two-headed ogre
 10607 | D:10     | Entered Level 10 of the Dungeon
 10862 | D:10     | Reached ***** piety under Sif Muna
 10883 | D:10     | Identified Sif Muna's Guide on Damaging Malediction (Sif Muna gifted it to you on level 10 of the Dungeon)
 10883 | D:10     | Received a gift from Sif Muna
 11255 | D:10     | Gained mutation: You have a pair of antennae on your head. [demonic ancestry]
 11255 | D:10     | Reached XP level 11. HP: 65/68 MP: 2/25
 11939 | D:10     | Noticed a frost giant
 12019 | Lair:1   | Entered Level 1 of the Lair of Beasts
 12839 | Lair:2   | Reached skill level 10 in Conjurations
 12987 | Lair:2   | Noticed TheOrbIsALie's ghost (novice DsTm)
 13638 | Lair:2   | Reached skill level 5 in Invocations
 13787 | Lair:2   | Killed TheOrbIsALie's ghost
 14255 | Lair:3   | Gained mutation: You regenerate a lot of health from kills. [demonic ancestry]
 14255 | Lair:3   | Reached XP level 12. HP: 74/74 MP: 6/26
 14427 | Lair:3   | Noticed a six-headed hydra
 14451 | Lair:3   | Killed a six-headed hydra
 14641 | Lair:3   | Reached skill level 10 in Invocations
 14675 | Lair:3   | Found a blossoming altar of Fedhas.
 14730 | Lair:3   | Found a hole to the Spider Nest.
 14734 | Lair:3   | Reached skill level 1 in Fighting
 14784 | Lair:3   | Received a gift from Sif Muna
 15649 | Lair:4   | Noticed Snorg
 15659 | Lair:4   | Noticed Rupert
 15753 | Lair:4   | Noticed TheOrbIsALie's ghost (journeyman DsTm)
 15917 | Lair:3   | Reached skill level 5 in Fighting
 16189 | D:10     | Killed a frost giant
 16265 | D:11     | Noticed Sonja
 16267 | D:11     | Killed Sonja
 17274 | Orc:1    | Entered Level 1 of the Orcish Mines
 17423 | Orc:1    | Found a frozen archway.
 17442 | IceCv    | Entered an ice cave
 17469 | IceCv    | Noticed Nothus's ghost (journeyman BaFi)
 17547 | IceCv    | Killed Nothus's ghost
 17692 | IceCv    | Learned a level 4 spell: Sticky Flame
 18057 | IceCv    | Gained mutation: You are mostly covered in yellow scales. (AC +3) [demonic ancestry]
 18057 | IceCv    | Reached XP level 13. HP: 75/103 MP: 13/27
 18232 | IceCv    | Reached skill level 10 in Fighting
 18490 | IceCv    | Noticed a reaper
 18521 | IceCv    | Killed a reaper
 19073 | Orc:1    | Reached skill level 1 in Fire Magic
 19239 | Orc:1    | Found Bigrua Ugue's Antique Weapon Shop.
 19395 | Orc:2    | Entered Level 2 of the Orcish Mines
 19732 | Orc:2    | Found a staircase to the Elven Halls.
 19832 | Orc:2    | Found a burning altar of Makhleb.
 19864 | Orc:2    | Noticed Azrael
 19981 | Orc:2    | Killed Azrael
 20533 | Orc:2    | Reached skill level 5 in Fire Magic
 20805 | Orc:2    | Identified Sif Muna's Papyrus of the Mountains and the Snowflakes (Sif Muna gifted it to you on level 2 of the Orcish Mines)
 20805 | Orc:2    | Received a gift from Sif Muna
 21173 | Orc:2    | Found Dadus's Magic Scroll Emporium.
 21173 | Orc:2    | Found Tetyaray's Armour Boutique.
 21175 | Orc:2    | Found Rachiac's Distillery.
 21175 | Orc:2    | Found Qusuod's Book Boutique.
 21181 | Orc:2    | Bought a scroll of immolation for 35 gold pieces
 21183 | Orc:2    | Bought a potion of degeneration for 13 gold pieces
 21183 | Orc:2    | Bought a potion of heal wounds for 65 gold pieces
 21190 | Orc:2    | Bought a potion of mutation for 104 gold pieces
 21719 | Lair:4   | Killed TheOrbIsALie's ghost
 22394 | Lair:4   | Killed Snorg
 22399 | Lair:4   | Killed Rupert
 22399 | Lair:4   | Gained mutation: You are robust. (+10% HP) [demonic ancestry]
 22399 | Lair:4   | Reached XP level 14. HP: 68/121 MP: 5/28
 22745 | Lair:4   | Found a staircase to the Shoals.
 23021 | Lair:5   | Received a gift from Sif Muna
 23088 | Lair:5   | Reached skill level 10 in Fire Magic
 23293 | Lair:5   | Found a viscous altar of Jiyva.
 23294 | Lair:5   | Found a staircase to the Slime Pits.
 23592 | Lair:6   | Entered Level 6 of the Lair of Beasts
 25453 | Lair:6   | Identified Vienaor's Handbook of the Lethal Oath (Sif Muna gifted it to you on level 6 of the Lair of Beasts)
 25453 | Lair:6   | Received a gift from Sif Muna
 25771 | Lair:6   | Got a scintillating zirconium amulet
 25772 | Lair:6   | Identified the amulet "Entytt" {Faith MR+ Int+6} (You found it on level 6 of the Lair of Beasts)
 26434 | D:12     | Reached skill level 1 in Air Magic
 26675 | D:12     | Found a portal to a secret trove of treasure.
 27704 | D:13     | Learned a level 6 spell: Freezing Cloud
 27995 | D:14     | Reached skill level 1 in Ice Magic
 28441 | D:14     | Reached XP level 15. HP: 126/126 MP: 23/29
 28709 | D:14     | Identified Sif Muna's Grimoire of the Spheres (Sif Muna gifted it to you on level 14 of the Dungeon)
 28709 | D:14     | Received a gift from Sif Muna
 28902 | D:14     | Found a gate to the Vaults.
 28937 | D:14     | Reached skill level 5 in Ice Magic
 29094 | D:14     | Noticed Nessos
 29103 | D:14     | Killed Nessos
 29408 | D:15     | Entered Level 15 of the Dungeon
 29875 | D:15     | Found a blossoming altar of Fedhas.
 29987 | D:15     | Reached skill level 5 in Air Magic
 30437 | D:15     | Found a staircase to the Depths.
 30963 | Elf:1    | Entered Level 1 of the Elven Halls
 32022 | Orc:2    | Identified Geunafu's Volume of Changing and Translocation (Sif Muna gifted it to you on level 2 of the Orcish Mines)
 32022 | Orc:2    | Received a gift from Sif Muna
 32409 | Elf:1    | Noticed TheOrbIsALie's ghost (adept DsTm)
 32618 | Elf:1    | Noticed Nikola
 32837 | Elf:2    | Slain by a halberd of venom

Skill      XL: |  1  2  3  4  5  6  7  8  9 10 11 12 13 14 15 |
---------------+----------------------------------------------+-----
Conjurations   | 2 3 4 6 7 9 11 12 | 12.6
Spellcasting   | 7 10 | 10.3
Earth Magic    | 1 8 9 |  9.4
Invocations    | 8 10 | 10.0
Fighting       | 9 10 | 10.0
Fire Magic     | 9 12 | 12.7
Air Magic      | 4 8 |  8.0
Ice Magic      | 3 6 |  6.0
Dodging        | |  1.7
Stealth        | |  1.7
Summonings     | |  1.0
Translocations | |  0.8

Action                   |  1- 3 |  4- 6 |  7- 9 | 10-12 | 13-15 || total
-------------------------+-------+-------+-------+-------+-------++-------
Melee: Unarmed           |    19 |       |       |       |       ||    19
       Dagger            |       |    57 |   105 |       |       ||   162
       Flail             |       |       |    71 |   114 |       ||   185
       Staff             |       |       |       |    36 |   182 ||   218
 Cast: Magic Dart        |    69 |    79 |   310 |    23 |     2 ||   483
       Mephitic Cloud    |       |     1 |    13 |    20 |    11 ||    45
       Conjure Flame     |       |       |     9 |    18 |    14 ||    41
       Blink             |       |       |     7 |    16 |    11 ||    34
       Stone Arrow       |       |       |     6 |   367 |   998 ||  1371
       Sticky Flame      |       |       |       |     4 |    44 ||    48
       Freezing Cloud    |       |       |       |       |    11 ||    11
Invok: Channel Magic     |       |       |       |     5 |     4 ||     9
  Use: Potion            |       |     3 |       |     2 |     8 ||    13
       Scroll            |       |       |     1 |     9 |    17 ||    27
 Stab: Sleeping          |       |     3 |     6 |     1 |       ||    10
       Confused          |       |       |     2 |     5 |       ||     7
  Eat: Chunk             |     1 |     7 |    12 |    21 |    32 ||    73
       Meat ration       |       |       |     2 |     1 |     3 ||     6
       Fruit             |       |       |       |     3 |     5 ||     8
Armor: Robe              |     6 |     7 |    54 |    86 |       ||   153
       Leather armour    |       |       |       |    61 |   393 ||   454
Dodge: Dodged            |    33 |    27 |   199 |   254 |   386 ||   899
Block: Buckler           |       |       |       |    28 |    95 ||   123
